 Dungeon Crawl Stone Soup version 0.30.1-9-gdf580d7c3d (webtiles) character file.

Game seed: 11588289319096929839

37 Ekaitz the Gusty (level 3, -2/20 HPs)
             Began as a Tengu Air Elementalist on Oct 13, 2023.
             Slain by an orc wizard
             ... wielding a +0 dagger
              (3 damage)
             ... on level 3 of the Dungeon.
             The game lasted 00:02:49 (1840 turns).

Ekaitz the Gusty (Tengu Air Elementalist)           Turns: 1840, Time: 00:02:50

Health: -2/20      AC:  2    Str:  8    XL:     3   Next: 39%
Magic:  1/7        EV: 12    Int: 17    God:
Gold:   75         SH:  0    Dex: 14    Spells: 0/6 levels left

rFire   . . .        c - +0 dagger
rCold   . . .        (no shield)
rNeg    . . .        a - +0 robe
rPois   .            (helmet restricted)
rElec   .            (no cloak)
rCorr   .            (no gloves)
SInv    .            (boots unavailable)
Will    .....        (no amulet)
Stlth   ++           (no ring)
HPRegen 0.23/turn    (no ring)
MPRegen 0.10/turn

%: no passive effects
@: very slightly contaminated
A: beak, talons 3
a: no special abilities


You were on level 3 of the Dungeon.
You visited 1 branch of the dungeon, and saw 3 of its levels.

You collected 75 gold pieces.

Inventory:

Hand Weapons
 c - a +0 dagger (weapon)
Armour
 a - a +0 robe (worn)
Scrolls
 d - a scroll of vulnerability {unknown}
 e - 2 scrolls of magic mapping {unknown}
 f - 6 scrolls of identify {unknown}
 h - a scroll of brand weapon {unknown}
 i - a scroll of poison {unknown}
 j - a scroll of teleportation {unknown}
 k - a scroll of fear {unknown}
 l - a scroll of acquirement {unknown}


   Skills:
 * Level 0.6 Fighting
 * Level 2.5 Dodging
 + Level 2.3 Stealth
 + Level 2.0 Spellcasting
 * Level 1.7 Conjurations
 * Level 5.0 Air Magic


You couldn't memorise any spells.
You knew the following spells:

 Your Spells              Type           Power      Damage    Failure   Level
a - Shock                 Conj/Air       52%        1d6       4%          1
b - Static Discharge      Conj/Air       26%        2-4/arc   8%          2
c - Swiftness             Air            18%        N/A       8%          3

Your spell library contained the following spells:

 Spells                   Type           Power      Damage    Failure   Level
 Airstrike                Air            9%         2d(2-18)  24%         4


Dungeon Overview and Level Annotations

Branches:
Dungeon (3/15)

Altars:
Kikubaaqudgha


Innate Abilities, Weirdness & Mutations

You have a beak for a mouth.
You have claws for feet.


Message History

It was a potion of curing.
You feel better. Something hits you.
Casting: Shock (safe; 4% risk of failure)
Confirm with . or Enter, or press ? or * to list all spells.
Something is struck by an arc of lightning.
You are struck by an arc of lightning.
The lightning grounds out.
Something barely misses you.
Unknown command.
You closely miss something. Your kick misses something. Something hits you.
* * * LOW HITPOINT WARNING * * *
Casting: Static Discharge (safe; 8% risk of failure)
Confirm with . or Enter, or press ? or * to list all spells.
Aiming: Shock (safe; 4% risk of failure)
Press: ? - help, Shift-Dir - straight line Something hits you.
* * * LOW HITPOINT WARNING * * *
Unknown command.
You feel better. Something hits you. Magic courses through your body.
Something hits you.
Casting: Shock (safe; 4% risk of failure)
Confirm with . or Enter, or press ? or * to list all spells.
You can't see any susceptible monsters within range! (Use Z to cast anyway.)
Casting: Shock (safe; 4% risk of failure)
Confirm with . or Enter, or press ? or * to list all spells.
Something is struck by an arc of lightning.
You are struck by an arc of lightning.
* * * LOW HITPOINT WARNING * * *
The lightning grounds out.
Something hits you.
* * * LOW HITPOINT WARNING * * *
Casting: Static Discharge (safe; 8% risk of failure)
Confirm with . or Enter, or press ? or * to list all spells.
You miscast Static Discharge.
You are very lightly contaminated with residual magic.
Nothing appears to happen.
Something barely misses you.
Casting: Static Discharge (safe; 8% risk of failure)
Confirm with . or Enter, or press ? or * to list all spells.
Something is struck by an arc of lightning.
You are struck by an arc of lightning.
* * * LOW HITPOINT WARNING * * *
The lightning grounds out.
Something hits you.
You die...

#r #. .. #. .##. ..o
#>. #..
###############
#..####.##...........
#...)...{@...#########
#.#.#.######..(.......
# #...#§≈§§#..########
###.#≈.>≈'.##
#.#§§⌠§'.# #.#≈≈≈≈#.##
#.######..# ##
#.........# #.
###.#####.###########.


There were no monsters in sight!

Vanquished Creatures
  2 orcs (D:3)
  4 ball pythons
  A bat (D:2)
  A giant cockroach (D:1)
  6 goblins
  4 hobgoblins
  3 quokkas
  3 frilled lizards
  4 kobolds (D:2)
  2 rats
30 creatures vanquished.

Notes
Turn   | Place    | Note
-------+----------+-------------------------------------------
     0 | D:1      | Ekaitz the Tengu Air Elementalist began the quest for the
                  | Orb.
     0 | D:1      | Reached XP level 1. HP: 10/10 MP: 4/4
   258 | D:1      | Reached XP level 2. HP: 15/15 MP: 3/6
   261 | D:1      | Learned a level 2 spell: Static Discharge
   365 | D:1      | Found a faded altar of an unknown god.
   991 | D:2      | Reached XP level 3. HP: 20/20 MP: 3/7
   995 | D:2      | Learned a level 3 spell: Swiftness
  1792 | D:3      | Found an ancient bone altar of Kikubaaqudgha.
  1825 | D:3      | Reached skill level 5 in Air Magic
  1835 | D:3      | HP: 1/20 [something (4)]
  1840 | D:3      | HP: 1/20 [/static electricity (1)]
  1840 | D:3      | Slain by an orc wizard

Illustrated notes

Levels and vault maps discovered:
D:1:      lightli_arrival_quake, layout_loops_ring,
          shapermc_ecumenical_altar_mp_urbaneastern
D:2:      layout_basic, kennysheep_generic_room_8
D:3:      layout_basic, general_overflow_altar

Skill      XL: |  1  2  3 |
---------------+----------+-----
Air Magic      | 5 |  5.0
Fighting       | |  0.6
Dodging        | |  2.5
Stealth        | |  2.3
Spellcasting   | |  2.0
Conjurations   | |  1.7

Action                     || total
---------------------------++-------
  Melee: Dagger            ||     8
         Kick              ||     3
         Peck              ||     1
   Cast: Shock             ||    45
         Static Discharge  ||     5
    Use: Potion            ||     3
   Stab: Sleeping          ||     2
 Armour: Robe              ||    10
  Dodge: Dodged            ||    15
